 Dungeon Crawl Stone Soup version 0.29.1-1-gd02db6906a (webtiles) character file.

Game seed: 3633725580956760133

37 ImASeal the Vexing (level 3, -1/28 HPs)
             Began as a Gnoll Arcane Marksman on Oct 18, 2022.
             Slain by an adder (2 damage)
             ... on level 2 of the Dungeon.
             The game lasted 00:01:36 (1025 turns).

ImASeal the Vexing (Gnoll Arcane Marksman)          Turns: 1025, Time: 00:01:37

Health: -1/28      AC:  2    Str:  9    XL:     3   Next: 39%
Magic:  7/7        EV: 13    Int: 12    God:
Gold:   126        SH:  0    Dex: 14    Spells: 6/7 levels left

rFire   . . .      SeeInvis .   a - +1 sling
rCold   . . .      Faith    .   (no shield)
rNeg    . . .      Spirit   .   c - +0 robe
rPois   .          Reflect  .   (no helmet)
rElec   .          Harm     .   (no cloak)
rCorr   .          Rampage  .   (no gloves)
Will    .....                   (no boots)
Stlth   ++........              (no amulet)
HPRegen 0.09/turn               (no ring)
MPRegen 0.10/turn               (no ring)

@: lethally poisoned (-1 -> -5)
A: fangs 1, strong nose, distributed training
a: no special abilities


You were on level 2 of the Dungeon.
You visited 1 branch of the dungeon, and saw 2 of its levels.

You collected 126 gold pieces.

Inventory:

Hand Weapons
 a - a +1 sling (weapon)
Missiles
 d - 3 poisoned darts
Armour
 c - a +0 robe (worn)
Jewellery
 l - a ring of wizardry
Scrolls
 b - a scroll of poison
 g - a scroll of fear {unknown}
 h - a scroll of teleportation {unknown}
 i - 2 scrolls of identify {unknown}
 j - a scroll of magic mapping {unknown}
Potions
 e - 2 potions of flight {unknown}
 f - a potion of attraction {unknown}
 k - a potion of curing {unknown}


   Skills:
 + Level 2.6 Fighting
 + Level 0.8 Short Blades
 + Level 0.8 Long Blades
 + Level 0.8 Axes
 + Level 0.8 Maces & Flails
 + Level 0.8 Polearms
 + Level 0.8 Staves
 + Level 4.5 Ranged Weapons
 + Level 0.8 Throwing
 + Level 0.8 Armour
 + Level 4.5 Dodging
 + Level 0.8 Stealth
 + Level 0.8 Shields
 + Level 0.8 Unarmed Combat
 + Level 2.8 Spellcasting
 + Level 0.5 Conjurations
 + Level 5.4 Hexes
 + Level 0.5 Summonings
 + Level 0.5 Necromancy
 + Level 0.5 Translocations
 + Level 0.5 Transmutations
 + Level 0.5 Fire Magic
 + Level 0.5 Ice Magic
 + Level 0.5 Air Magic
 + Level 0.5 Earth Magic
 + Level 0.5 Poison Magic
 + Level 1.0 Invocations
 + Level 0.8 Evocations


You had 6 spell levels left.
You knew the following spells:

 Your Spells              Type           Power      Damage    Failure   Level
a - Slow                  Hex            56%        N/A       2%          1

Your spell library contained the following spells:

 Spells                   Type           Power      Damage    Failure   Level
 Magic Dart               Conj           12%        1d3       21%         1
 Inner Flame              Hex/Fire       8%         N/A       22%         3
 Portal Projectile        Hex/Tloc       16%        N/A       22%         3
 Cause Fear               Hex            7%         N/A       26%         4


Dungeon Overview and Level Annotations

Branches:
Dungeon (2/15)

Altars:


Innate Abilities, Weirdness & Mutations

You have very sharp teeth.
Your uncanny sense of smell can sniff out nearby items.
Your experience applies equally to all skills.


Message History

The sling bullet barely misses the adder.
You feel very sick. The adder bites you.
You are too injured to fight recklessly!
You are too injured to fight recklessly!
You are too injured to fight recklessly!
You are too injured to fight recklessly!
You are too injured to fight recklessly!
Really attack while wielding your +1 sling? [Y]es or [N]o only, please.
Really attack while wielding your +1 sling? [Y]es or [N]o only, please.
Really attack while wielding your +1 sling? [Y]es or [N]o only, please.
Really attack while wielding your +1 sling?
You clumsily bash the adder but do no damage.
The adder is almost dead.
You feel very sick. The adder bites you. The adder barely misses you.
You clumsily bash the adder but do no damage.
The adder is almost dead.
You feel sick. The adder bites you.
* * * LOW HITPOINT WARNING * * *
The adder bites you.
* * * LOW HITPOINT WARNING * * *
You clumsily bash the adder but do no damage.
Your bite misses the adder.
The adder is almost dead.
You feel sick. The adder barely misses you. The adder misses you.
You closely miss the adder.
The adder is almost dead.
You feel sick. The adder closely misses you. The adder bites you.
* * * LOW HITPOINT WARNING * * *
You are lethally poisoned!
The adder poisons you!
You barely miss the adder.
The adder is almost dead.
* * * LOW HITPOINT WARNING * * *
You feel sick. The adder bites you but does no damage. The adder bites you.
You die...

#.....[..... .. ..
#........... ... ..#
#........... #.##..###
#...........
#........####..........
#..... #...............
#..... #...>.....##...
#...S###..........#.#.
#....@........†##.#...
#......#....#..##.....
#.....##....##........
#.....#......#........
#....##..##..##.......
#....#..####..#.....#.
##...#.. ..#.#...##
#.#.##. .##....<..
.#..##..##


You could see an adder.

Vanquished Creatures
  A worm (D:2)
  An endoplasm (D:1)
  A giant cockroach (D:1)
  5 goblins (D:1)
  4 hobgoblins (D:1)
  5 kobolds (D:1)
  2 quokkas
  5 ball pythons
  3 bats (D:2)
  3 frilled lizards (D:1)
  A rat (D:2)
31 creatures vanquished.

Notes
Turn   | Place    | Note
-------+----------+-------------------------------------------
     0 | D:1      | ImASeal the Gnoll Arcane Marksman began the quest for the
                  | Orb.
     0 | D:1      | Reached XP level 1. HP: 17/17 MP: 4/4
    76 | D:1      | Reached XP level 2. HP: 21/23 MP: 5/5
   271 | D:1      | Found a faded altar of an unknown god.
   279 | D:1      | Got Plato's Almanac of Battling
   344 | D:1      | Reached XP level 3. HP: 28/28 MP: 7/7
   932 | D:2      | Reached skill level 1 in Invocations
  1025 | D:2      | HP: 1/28 [poisoned by an adder]
  1025 | D:2      | Slain by an adder

Illustrated notes

Levels and vault maps discovered:
D:1:      minmay_arrival_diagonal_passages, layout_loops_ring,
          shapermc_ecumenical_altar_rom_forum
D:2:      layout_rooms, minmay_misc_feat_iff

Skill      XL: |  1  2  3 |
---------------+----------+-----
Invocations    | 1 |  1.0
Fighting       | |  2.6
Short Blades   | |  0.8
Long Blades    | |  0.8
Axes           | |  0.8
Maces & Flails | |  0.8
Polearms       | |  0.8
Staves         | |  0.8
Ranged Weapons | |  4.5
Throwing       | |  0.8
Armour         | |  0.8
Dodging        | |  4.5
Stealth        | |  0.8
Shields        | |  0.8
Unarmed Combat | |  0.8
Spellcasting   | |  2.8
Conjurations   | |  0.5
Hexes          | |  5.4
Summonings     | |  0.5
Necromancy     | |  0.5
Translocations | |  0.5
Transmutations | |  0.5
Fire Magic     | |  0.5
Ice Magic      | |  0.5
Air Magic      | |  0.5
Earth Magic    | |  0.5
Poison Magic   | |  0.5
Evocations     | |  0.8

Action                   || total
-------------------------++-------
Melee: Sling             ||     5
 Fire: Sling             ||   101
Armor: Robe              ||     6
Dodge: Dodged            ||    22
